 Dungeon Crawl Stone Soup version 0.25-a0-317-g5f8687bca5 (webtiles) character file.

Game seed: 11744661126726231075, levelgen mode: deterministic

97 ANON1729 the Sneak (level 4, -1/27 HPs)
             Began as an Octopode Earth Elementalist on Dec 27, 2019.
             Slain by Grinder (5 damage)
             ... while paralysed by Grinder
             ... on level 3 of the Dungeon.
             The game lasted 00:03:15 (2607 turns).

ANON1729 the Sneak (Octopode Earth Elementalist)    Turns: 2607, Time: 00:03:15

Health: -1/27      AC:  1    Str:  7    XL:     4   Next: 68%
Magic:  4/7        EV:  2    Int: 17    God:
Gold:   58         SH:  0    Dex: 13    Spells: 4/7 levels left

rFire    . . .     SeeInvis .   e - +0 dagger
rCold    . . .     Gourm    .   (no shield)
rNeg     . . .     Faith    .   (helmet restricted)
rPois    .         Spirit   .   (no amulet)
rElec    .         Reflect  .   (no ring)
rCorr    .         Harm     .   (no ring)
MR       .....                  (no ring)
Stlth    +++.......             (no ring)
HPRegen  0.09/turn              (no ring)
MPRegen  0.10/turn              (no ring)
                                (no ring)
                                (no ring)

@: paralysed
A: almost no armour, stealthy swim, amphibious, 8 rings, constrict 8, camouflage
1, gelatinous body 1
a: no special abilities


You were on level 3 of the Dungeon.
You were hungry.

You visited 1 branch of the dungeon, and saw 3 of its levels.

You collected 58 gold pieces.

Inventory:

Hand Weapons
 e - a +0 dagger (weapon)
Missiles
 b - 51 stones (quivered)
Armour
 i - a +0 buckler
Scrolls
 a - 4 scrolls of enchant armour {unknown}
 d - a scroll of identify {unknown}
 f - a scroll of teleportation {unknown}
 g - a scroll of remove curse {unknown}
 h - a scroll of magic mapping {unknown}
 q - a scroll of fog {unknown}
Potions
 j - a potion of curing {unknown}
 k - a potion of flight {unknown}
 l - a potion of agility {unknown}
 m - a potion of heal wounds {unknown}
 o - a potion of degeneration {unknown}
 p - a potion of brilliance {unknown}
Comestibles
 c - 2 rations
 n - a chunk of flesh


   Skills:
 + Level 1.1 Short Blades
 + Level 2.5 Dodging
 + Level 3.8 Stealth
 + Level 0.4 Shields
 + Level 2.4 Spellcasting
 + Level 1.3 Transmutations
 * Level 3.7 Earth Magic


You had 4 spell levels left.
You knew the following spells:

 Your Spells              Type           Power        Failure   Level  Hunger
a - Sandblast             Erth           ##....       4%          1    #......
b - Passwall              Tmut/Erth      ##......     10%         2    ##.....

Your spell library contained the following spells:

 Spells                   Type           Power        Failure   Level  Hunger
 Stone Arrow              Conj/Erth      #.....       26%         3    ###....
 Petrify                  Tmut/Erth      ##......     54%         4    #####..
 Lee's Rapid Deconstruct  Erth           ##........   73%         5    ######.


Dungeon Overview and Level Annotations

Branches:
Dungeon (3/15)

Altars:
Fedhas

Annotations:
D:3 Grinder


Innate Abilities, Weirdness & Mutations

You cannot wear most types of armour.
You are very stealthy in the water. (Stealth+)
You are amphibious.
You can wear up to eight rings at the same time.
You can use your tentacles to constrict eight enemies at once.
Your skin changes colour to match your surroundings (Stealth+).
Your rubbery body absorbs attacks. (AC +1, EV +1)


Message History

Casting: Sandblast (safe; 4% risk of failure)
Confirm with . or Enter, or press ? or * to list all spells.
Aiming: Sandblast (safe; 4% risk of failure)
Press: ? - help, Shift-Dir - straight line, f/p - Grinder
Aim: Grinder The blast of sand hits Grinder but does no damage.
b - 51 stones Grinder closely misses you.
Grinder says, "Just stop there for a second..."
You are feeling hungry.
Grinder gestures at you.
You suddenly lose the ability to move!
Grinder gestures at you.
You shrug off the repeated paralysis!
Grinder says, "FISH!"
Grinder hits you.
You writhe in agony.
Grinder hits you!
* * * LOW HITPOINT WARNING * * *
You writhe in agony.
You die...

... #.# #.# # #.#.#
#.#.# #.#.#### ##.#.
#.#.##.. ...
#.#.##.# #.#
#.#.##.# #.#
#.#.##.#
..####.#####.#.##.#
.........5@......>.#
.#.########.######.#
#.# #.# #.# #†# #.#
#.######## #.#
#......... #.#
########## ...


You could see Grinder.

Vanquished Creatures
  3 adders (D:2)
  An ooze (D:2)
  2 leopard geckos (D:1)
  An orc (D:3)
  8 bats
  3 giant cockroaches
  4 goblins
  10 hobgoblins
  4 jackals (D:1)
  9 kobolds
  3 quokkas (D:2)
  3 frilled lizards
  2 rats (D:1)
53 creatures vanquished.

Notes
Turn   | Place    | Note
-------+----------+-------------------------------------------
     0 | D:1      | ANON1729 the Octopode Earth Elementalist began the quest
                  | for the Orb.
     0 | D:1      | Reached XP level 1. HP: 11/11 MP: 3/3
   255 | D:1      | Reached XP level 2. HP: 14/17 MP: 0/5
   810 | D:1      | Reached XP level 3. HP: 15/21 MP: 2/6
  1277 | D:1      | Learned a level 2 spell: Passwall
  1679 | D:2      | Found a blossoming altar of Fedhas.
  1681 | D:2      | Reached skill level 1 in Short Blades
  1681 | D:2      | Reached XP level 4. HP: 25/27 MP: 7/7
  2593 | D:3      | Noticed Grinder
  2603 | D:3      | Paralysed by Grinder for 5 turns
  2607 | D:3      | Slain by Grinder

Levels and vault maps discovered:
D:1:      psy_arrival_dodecagon, layout_loops_cross, minmay_unequal
D:2:      wander_river, layout_basic, lemuel_tele_altar
D:3:      layout_basic, first_ration, uniq_grinder, uniq_ijyb

Skill      XL: |  1  2  3 |
---------------+----------+-----
Stealth        | 3 |  3.8
Short Blades   | 1 |  1.1
Dodging        | |  2.5
Shields        | |  0.4
Spellcasting   | |  2.4
Transmutations | |  1.3
Earth Magic    | |  3.7

Action                   |  1- 3 |  4- 6 || total
-------------------------+-------+-------++-------
Melee: Unarmed           |     5 |       ||     5
       Constrict         |    18 |    10 ||    28
       Tentacles         |    10 |     8 ||    18
       Dagger            |    71 |    37 ||   108
 Cast: Sandblast         |    18 |     4 ||    22
 Stab: Sleeping          |     6 |     7 ||    13
  Eat: Chunk             |     3 |     2 ||     5
Armor: Skin              |     7 |     4 ||    11
Dodge: Dodged            |    66 |    34 ||   100

Table legend:
 A = Non-vault XP
 B = Vault XP
 C = Vault XP percentage of total XP
 D = Non-vault monster count
 E = Vault monster count
 F = Vault count percentage of total count
                 A         B        C        D         E       F
            +---------+---------+-------+---------+---------+-------
      Total |     137 |       2 |   1.4 |      52 |       1 |   1.9
            +---------+---------+-------+---------+---------+-------
        D:1 |      49 |       2 |   3.9 |      26 |       1 |   3.7
        D:2 |      83 |       0 |   0.0 |      24 |       0 |   0.0
        D:3 |       5 |       0 |   0.0 |       2 |       0 |   0.0
            +---------+---------+-------+---------+---------+-------
